[Event "OBEM 2019"]
[Site "Bremen"]
[Date "2019.04.18"]
[Round "7.2"]
[White "Issing, Peter"]
[Black "Hundack, Rolf"]
[Result "0-1"]
[ECO "D30"]
[WhiteElo "2156"]
[BlackElo "2140"]
[Annotator "NA"]
[PlyCount "128"]
[EventDate "2019.04.13"]
[EventType "swiss"]
[EventCountry "GER"]
[SourceTitle "playchess.com"]
[Source "ChessBase"]
[SourceQuality "1"]
[TimeControl "40/5400+30:1800+30"]

1. d4 d5 2. c4 e6 3. Nf3 c6 4. Qc2 Bd6 5. Bg5 f6 6. Bh4 Nh6 7. Bg3 O-O 8. e3 f5 9. Bxd6 Qxd6 10. Nc3 Nd7 11. Bd3 Nf6 12. O-O-O Nf7 13. h3 e5 14. dxe5 Nxe5 15. Be2 Be6 16. Kb1 Kh8 17. cxd5 Nxd5 18. Rd2 Bg8 19. Rhd1 Qf6 20. Nd4 b5 21. f4 Nd7 22. Nxd5 Bxd5 23. Bf3 Nb6 24. Nxc6 Bxf3 25. gxf3 Nc4 26. Ne5 Nxe3 27. Nd7 Qh4 28. Qb3 Nxd1 29. Nxf8 Rxf8 30. Qxd1 Qxf4 31. Rd8 Qb4 32. a3 Qe7 33. Rxf8+ Qxf8 34. Qd7 a6 35. Qc6 h6 36. Qxa6 Qc5 37. Qg6 Qd5 38. h4 Qd3+ 39. Ka2 Qc4+ 40. Kb1 Qf1+ 41. Ka2 Qc4+ 42. Kb1 Qxh4 43. Qe8+ Kh7 44. Qxb5 Qe1+ 45. Ka2 Qe6+ 46. Qb3 Qg6 47. a4 h5 48. a5 h4 49. f4 Qa6 50. Qc3 Qf1 51. Qe5 Qc4+ 52. Ka3 Qd3+ 53. b3 h3 54. Qe8 Qd6+ 55. b4 Qd3+ 56. Kb2 Qd2+ 57. Ka3 Qc3+ 58. Ka2 Qf3 59. Qf7 Qg4 60. a6 h2 61. Qb7 Qe2+ 62. Ka3 Qd3+ 63. Kb2 Qd2+ 64. Ka3 Qc1+ 0-1

[Event "OBEM 2019"]
[Site "Bremen"]
[Date "2019.04.18"]
[Round "7.3"]
[White "Elmali, Timur"]
[Black "Norbach, Alexander"]
[Result "1-0"]
[ECO "D48"]
[WhiteElo "2121"]
[BlackElo "1972"]
[Annotator "NA"]
[PlyCount "47"]
[EventDate "2019.04.13"]
[EventType "swiss"]
[EventCountry "GER"]
[SourceTitle "playchess.com"]
[Source "ChessBase"]
[SourceQuality "1"]
[TimeControl "40/5400+30:1800+30"]

1. d4 d5 2. Nf3 Nf6 3. c4 c6 4. e3 e6 5. Nc3 Nbd7 6. Bd3 dxc4 7. Bxc4 b5 8. Bd3 a6 9. O-O c5 10. a4 b4 11. Ne4 Bb7 12. Nxf6+ Nxf6 13. dxc5 Bxc5 14. b3 O-O 15. Bb2 Qe7 16. Qe2 Nd5 17. Rac1 f6 18. Qc2 Rac8 19. Bxh7+ Kh8 20. Nh4 Qe8 21. Bg6 Qc6 22. Qe2 Rfd8 23. Qh5+ Kg8 24. Bh7+ 1-0

[Event "OBEM 2019"]
[Site "Bremen"]
[Date "2019.04.18"]
[Round "7.4"]
[White "Buescher, Andre"]
[Black "Pienski, Olaf"]
[Result "1/2-1/2"]
[ECO "B07"]
[WhiteElo "2019"]
[BlackElo "2081"]
[Annotator "NA"]
[PlyCount "98"]
[EventDate "2019.04.13"]
[EventType "swiss"]
[EventCountry "GER"]
[SourceTitle "playchess.com"]
[Source "ChessBase"]
[SourceQuality "1"]
[TimeControl "40/5400+30:1800+30"]

1. d4 g6 2. e4 d6 3. Nc3 c6 4. Be3 Nf6 5. h3 Nbd7 6. Qd2 b5 7. Bd3 a6 8. a4 Bb7 9. Nf3 e5 10. O-O Bg7 11. Bh6 O-O 12. Bxg7 Kxg7 13. Rfe1 Qc7 14. dxe5 dxe5 15. Qe3 Rfe8 16. Rad1 Nf8 17. Ne2 Ne6 18. Ng5 Nxg5 19. Qxg5 h6 20. Qe3 Rad8 21. c3 Bc8 22. Nc1 Be6 23. axb5 axb5 24. Bf1 Nd7 25. Nd3 c5 26. g3 Bc4 27. Rd2 Nb6 28. f4 Bxd3 29. Bxd3 c4 30. Bf1 Rxd2 31. Qxd2 Rd8 32. Qe3 Na4 33. Re2 Rd3 34. Qf2 Nc5 35. Re3 Rd1 36. Kh2 Qd6 37. Qf3 Rd2+ 38. Re2 Na4 39. fxe5 Rxe2+ 40. Qxe2 Qxe5 41. Qc2 Nc5 42. Bg2 h5 43. h4 Qd6 44. Qe2 Qd3 45. Qf2 Nxe4 46. Bxe4 Qxe4 47. Qc5 Qe2+ 48. Kh3 Qf1+ 49. Kh2 Qe2+ 1/2-1/2

[Event "OBEM 2019"]
[Site "Bremen"]
[Date "2019.04.19"]
[Round "8.2"]
[White "Pienski, Olaf"]
[Black "Elmali, Timur"]
[Result "1/2-1/2"]
[ECO "B07"]
[WhiteElo "2081"]
[BlackElo "2121"]
[Annotator "NA"]
[PlyCount "175"]
[EventDate "2019.04.13"]
[EventType "swiss"]
[EventCountry "GER"]
[SourceTitle "playchess.com"]
[Source "ChessBase"]
[SourceQuality "1"]
[TimeControl "40/5400+30:1800+30"]

1. e4 d6 2. d4 Nf6 3. Nc3 g6 4. Be3 c6 5. a4 Bg7 6. h3 Qa5 7. Qd2 {[%emt 0:05:06] B07: Pirc Defence: Miscellaneous Systems} b5 8. Bd3 (8. b4 $1 $16 Qc7 (8... Qxb4 9. axb5 c5 10. Nf3 O-O 11. Bd3 cxd4 12. Bxd4 e5 13. Ra4 Qxa4 14. Nxa4 exd4 {1-0 (33) Socko,B (2593)-Artemiev,V (2691) Riadh 2017}) 9. axb5) 8... Nbd7 {[%emt 0:12:15] [#]} 9. Nf3 (9. b4 $1 $18 Qd8 10. axb5 cxb5 11. Nxb5 (11. Bxb5 Bb7 $16)) 9... b4 10. Ne2 Rb8 11. O-O O-O $146 ({Predecessor:} 11... Ba6 12. Rfe1 O-O 13. Ng3 Bxd3 14. Qxd3 {1-0 (32) Paakkonen,T (2261)-Linnanen,L (2190) Finland 2007}) 12. Nc1 c5 13. c3 (13. Nb3 $11 Qc7 14. dxc5) 13... bxc3 14. bxc3 {[%emt 0:00:09] [#]} (14. Qxc3 $15 Qb4 15. Ne2) 14... c4 $1 15. e5 cxd3 16. exf6 Nxf6 17. Na2 Ba6 18. Rfc1 Ne4 19. Qe1 Rfc8 20. Bd2 Nxd2 21. Qxd2 Qh5 22. Re1 e5 23. Nb4 Bb7 24. d5 {[%emt 0:13:19] [#]} (24. Qxd3 $142 a5 25. Nc2) 24... e4 $1 25. Nd4 Bxd4 26. cxd4 a5 27. Nc6 Bxc6 28. dxc6 Qd5 29. Rab1 (29. f3 {is a better defense.} exf3 30. gxf3) 29... Rxb1 30. Rxb1 Qxd4 31. Qxa5 Kg7 (31... Qc4 $142 32. Qb5 Rxc6 33. Qb8+ Kg7 34. Qb2+ Qc3 35. Qxc3+ Rxc3) 32. Qa6 {[%emt 0:01:00] [#]} Rc7 $2 ({Better is} 32... Re8 $1 $19 33. c7 Qc3) 33. Qb7 Rxb7 34. cxb7 d2 35. b8=Q d1=Q+ 36. Rxd1 Qxd1+ 37. Kh2 Qxa4 38. Qxd6 Qe8 39. Qd4+ f6 40. Qa7+ Qf7 41. Qd4 Qe7 42. g3 g5 $17 43. Kg2 Kg6 44. Qd5 Kg7 45. g4 h5 46. gxh5 Kh6 47. Qf5 Kxh5 48. h4 Qe5 49. Qh7+ Kg4 50. hxg5 Kxg5 51. Qg7+ Kf4 52. Qg3+ Kf5 53. Qg8 Qe6 54. Qh7+ Ke5 55. Qc7+ Qd6 56. Qc3+ Ke6 57. Qc8+ Kf7 58. Qf5 Qe5 59. Qh7+ Ke6 60. Qg8+ Kd6 61. Qd8+ Kc5 62. Qa5+ Kd4 63. Qa1+ Kd5 64. Qa5+ Ke6 65. Qa6+ Kf5 66. Qc8+ Kf4 67. Qh3 Qg5+ 68. Kf1 Qb5+ 69. Kg1 Qb1+ 70. Kg2 Qd1 71. Qe3+ Kf5 72. Qc5+ Kg6 73. Qe3 f5 74. Qb6+ Kh5 75. Qc5 Kg4 76. Qe5 Qf3+ 77. Kf1 Qf4 78. Qg7+ Qg5 79. Qe5 Kf3 80. Qc3+ Kg4 81. Qg3+ Kh5 82. Qe5 Qg4 83. Qh8+ Kg5 84. Qg7+ Kh4 85. Qh6+ Qh5 86. Qf4+ Qg4 87. Qh6+ Qh5 88. Qf4+ 1/2-1/2

[Event "OBEM 2019"]
[Site "Bremen"]
[Date "2019.04.19"]
[Round "8.3"]
[White "Stieglitz, Dirk"]
[Black "Erofeev, Anastasia"]
[Result "1/2-1/2"]
[ECO "D00"]
[WhiteElo "2076"]
[BlackElo "1975"]
[Annotator "NA RC"]
[PlyCount "77"]
[EventDate "2019.04.13"]
[EventType "swiss"]
[EventCountry "GER"]
[SourceTitle "playchess.com"]
[Source "ChessBase"]
[SourceQuality "1"]
[TimeControl "40/5400+30:1800+30"]

1. d4 d5 2. Bf4 Nf6 3. e3 e6 4. Bd3 Bd6 5. c3 (5. Bg3 O-O 6. Nd2 c5 7. c3 Qc7 8. Ngf3 Nbd7 9. Qc2 e5 10. dxe5 Nxe5 11. Nxe5 Bxe5 12. Nf3 Bxg3 13. hxg3 h6 14. c4 Be6 15. O-O Rfd8 16. Rac1 Rac8 17. cxd5 Nxd5 {½-½ (36) Vachier Lagrave,M (2779)-Dominguez Perez,L (2739) chess.com INT 2018}) 5... Bxf4 6. exf4 {[%emt 0:00:09] D00: 1 d4 d5: Unusual lines} c5 7. Nf3 cxd4 8. Nxd4 Nc6 9. Nd2 O-O 10. N2f3 Qc7 11. g3 Bd7 $146 ({Predecessor:} 11... Re8 12. Nxc6 bxc6 13. O-O Qb6 14. Qe2 a5 15. b3 Ba6 16. Ne5 Bxd3 17. Qxd3 {½-½ (17) Klein,L (1942)-Boes,J (1795) Stein am Rhein 2014}) 12. O-O Rfe8 13. Re1 Rac8 14. Nb5 Qb8 15. Ne5 a6 16. Nd4 g6 17. g4 Qd6 18. Re3 Nxd4 19. cxd4 Rc7 20. Rh3 Qb4 21. g5 Ne4 22. Bxe4 $1 dxe4 23. Qg4 $2 (23. Ng4 $16 {keeps the pressure on.}) 23... e3 $2 ({Don't blunder} 23... Qxd4 $2 24. Rd1 $18) (23... Qxb2 $17 24. Re1 Qd2) 24. fxe3 Qxb2 25. Rf1 $2 (25. Qd1) 25... Rc1 $2 ({Better is} 25... Bb5 $19 26. Re1 Rc1) 26. Nxd7 Rxf1+ 27. Kxf1 Qb5+ 28. Kg2 Qxd7 29. Qh4 $1 f5 30. gxf6 Rf8 31. Qg5 Qc6+ 32. Kf2 Qc2+ 33. Kg3 Qxa2 $2 {[%emt 0:02:42] [#]} (33... Qf5 $1 $11) 34. Rh6 $2 (34. Qe5 $1 $18 h5 {[#]} 35. Rxh5 $1 Rxf6 36. Rh3 (36. Qxf6 gxh5 37. Qg5+ Kf8 $16)) 34... Qb1 $1 35. Qe5 Qg1+ 36. Kh3 Qf1+ 37. Kg3 Qg1+ $11 38. Kh3 Qf1+ 39. Kg3 1/2-1/2

[Event "OBEM 2019"]
[Site "Bremen"]
[Date "2019.04.19"]
[Round "8.4"]
[White "Buescher, Andre"]
[Black "Kruger, Jan"]
[Result "1/2-1/2"]
[ECO "B50"]
[WhiteElo "2019"]
[BlackElo "1714"]
[Annotator "NA RC"]
[PlyCount "61"]
[EventDate "2019.04.13"]
[EventType "swiss"]
[EventCountry "GER"]
[SourceTitle "playchess.com"]
[Source "ChessBase"]
[SourceQuality "1"]
[TimeControl "40/5400+30:1800+30"]

1. e4 c5 2. Nf3 d6 3. c3 Nf6 4. Be2 Nc6 5. d3 e5 (5... g6 6. a4 Bg7 7. Na3 O-O 8. h3 d5 9. Qc2 e5 10. Bg5 Be6 11. O-O h6 12. Bd2 Rc8 13. Rfc1 Qd7 {½-½ (36) Savchenko,B (2612)-Smirnov,A (2455) Minsk 2015}) 6. O-O {[%emt 0:01:10] B50: Sicilian: 2...d6, Miscellaneous} Be7 7. Nbd2 Rb8 8. a4 a6 9. Re1 O-O 10. Nf1 d5 $146 ({Predecessor:} 10... Re8 11. Ng3 Bf8 12. h3 d5 13. Bg5 {½-½ (73) Sluka,R (2349)-Ruzicka,P (2267) Czechia 2008}) 11. exd5 Nxd5 12. Ng3 Kh8 13. Bf1 f6 14. d4 cxd4 15. cxd4 Bb4 16. Re4 f5 17. Rh4 Be7 18. Rh5 f4 19. Bd3 {[%emt 0:07:03] [#]} ({White should play} 19. Qc2 $15 Nf6 20. dxe5 Nxh5 21. Nxh5) 19... h6 ({Weaker is} 19... fxg3 20. Rxh7+ Kg8 21. Nxe5 $11) ({Wrong is} 19... Nxd4 $2 20. Nxe5 Nf6 21. Bxf4 $18) (19... Nf6 $1 $17 20. Nxe5 fxg3 21. Ng6+ Kg8 22. Bc4+ Rf7) 20. Nxe5 $2 (20. Nf5 $11 {and White has nothing to worry.} Bxf5 21. Rxf5) 20... Nxe5 ({And not} 20... fxg3 {[#]} 21. Bxh6 $1 gxf2+ 22. Kf1 $11) 21. Rxe5 fxg3 22. Bxh6 gxf2+ 23. Kf1 gxh6 24. Qh5 Bg5 25. Qg6 Nf6 26. Rxg5 {[%emt 0:01:37] Remove Defender} hxg5 27. Qh6+ $11 Kg8 28. Qg6+ Kh8 29. Qh6+ Kg8 30. Qg6+ Kh8 31. Qh6+ 1/2-1/2

[Event "OBEM 2019"]
[Site "Bremen"]
[Date "2019.04.20"]
[Round "9.1"]
[White "Issing, Peter"]
[Black "Margraf, Daniel"]
[Result "1-0"]
[ECO "E35"]
[WhiteElo "2156"]
[BlackElo "2238"]
[Annotator "NA"]
[PlyCount "69"]
[EventDate "2019.04.13"]
[EventType "swiss"]
[EventCountry "GER"]
[SourceTitle "playchess.com"]
[Source "ChessBase"]
[SourceQuality "1"]
[TimeControl "40/5400+30:1800+30"]

1. d4 Nf6 2. c4 e6 3. Nc3 Bb4 4. Qc2 d5 5. cxd5 exd5 6. Bg5 c6 7. e3 h6 8. Bh4 g5 9. Bg3 Ne4 10. Be5 O-O 11. Bd3 Nd7 12. Bg3 Qe7 13. Nge2 f5 14. O-O-O Nxc3 15. bxc3 Ba3+ 16. Kb1 Nb6 17. h4 g4 18. Nf4 Nc4 19. Bxc4 dxc4 20. Ka1 Be6 21. Ng6 Qd7 22. h5 Bd5 23. Bf4 Kh7 24. Rhg1 Qe8 25. Rdf1 Rf6 26. f3 b5 27. Be5 Rf7 28. e4 fxe4 29. fxe4 Be6 30. d5 Bd7 31. Qe2 cxd5 32. Rxf7+ Qxf7 33. Rf1 Qg8 34. exd5 Re8 35. Qc2 1-0

[Event "OBEM 2019"]
[Site "Bremen"]
[Date "2019.04.20"]
[Round "9.2"]
[White "Elmali, Timur"]
[Black "Stieglitz, Dirk"]
[Result "1/2-1/2"]
[ECO "D02"]
[WhiteElo "2121"]
[BlackElo "2076"]
[Annotator "NA"]
[PlyCount "43"]
[EventDate "2019.04.13"]
[EventType "swiss"]
[EventCountry "GER"]
[SourceTitle "playchess.com"]
[Source "ChessBase"]
[SourceQuality "1"]
[TimeControl "40/5400+30:1800+30"]

1. d4 d5 2. Nf3 Nf6 3. Bf4 c6 4. e3 Bf5 5. Bd3 e6 6. Bxf5 exf5 7. O-O Be7 8. Nbd2 O-O 9. h3 Nbd7 10. c4 dxc4 11. Nxc4 Ne4 12. Qb3 Nb6 13. Na5 Qc8 14. Rfd1 Bd6 15. Ne5 Bxe5 16. Bxe5 Qd7 17. Rac1 Rfe8 18. f3 Ng5 19. Re1 Kh8 20. a4 f6 21. Bg3 Ne6 22. Nc4 1/2-1/2

[Event "OBEM 2019"]
[Site "Bremen"]
[Date "2019.04.20"]
[Round "9.3"]
[White "Hundack, Rolf"]
[Black "Norbach, Alexander"]
[Result "1/2-1/2"]
[ECO "D48"]
[WhiteElo "2140"]
[BlackElo "1972"]
[Annotator "NA"]
[PlyCount "63"]
[EventDate "2019.04.13"]
[EventType "swiss"]
[EventCountry "GER"]
[SourceTitle "playchess.com"]
[Source "ChessBase"]
[SourceQuality "1"]
[TimeControl "40/5400+30:1800+30"]

1. c4 c6 2. d4 d5 3. e3 Nf6 4. Nf3 e6 5. Nc3 Nbd7 6. Bd3 dxc4 7. Bxc4 b5 8. Bd3 a6 9. O-O c5 10. Qe2 Bb7 11. Rd1 Qb6 12. Bc2 Be7 13. e4 O-O 14. e5 Nd5 15. Ne4 h6 16. Ng3 Rac8 17. Nh5 f5 18. exf6 N7xf6 19. Nxg7 Nb4 20. Ne5 Nxc2 21. Qxc2 Be4 22. Qd2 Kxg7 23. Qxh6+ Kg8 24. Re1 Qb7 25. Re3 Nh5 26. Qxh5 Bf6 27. Qg4+ Bg7 28. Rxe4 Rf5 29. Bh6 Rc7 30. Rae1 cxd4 31. Nf3 Kf8 32. Rxe6 {[%emt 0:00:26] Ke8 [%clk 0:00:00]} 1/2-1/2

[Event "OBEM 2019"]
[Site "Bremen"]
[Date "2019.04.20"]
[Round "9.4"]
[White "Stern, Philipp"]
[Black "Pienski, Olaf"]
[Result "1-0"]
[ECO "B58"]
[WhiteElo "1794"]
[BlackElo "2081"]
[Annotator "NA"]
[PlyCount "75"]
[EventDate "2019.04.13"]
[EventType "swiss"]
[EventCountry "GER"]
[SourceTitle "playchess.com"]
[Source "ChessBase"]
[SourceQuality "1"]
[TimeControl "40/5400+30:1800+30"]

1. e4 c5 2. Nf3 d6 3. d4 cxd4 4. Nxd4 Nf6 5. Nc3 Nc6 6. Be2 e5 7. Nf3 h6 8. h3 Be7 9. O-O O-O 10. Bc4 Qc7 11. Nd5 Nxd5 12. Bxd5 Nb4 13. Bb3 a5 14. c3 Na6 15. Be3 Nc5 16. Bd5 a4 17. Qc2 Kh8 18. b4 axb3 19. axb3 Rxa1 20. Rxa1 f5 21. Bxc5 Qxc5 22. b4 Qc7 23. Ra8 fxe4 24. Qxe4 Qxc3 25. Bxb7 Qc1+ 26. Kh2 Bxb7 27. Rxf8+ Bxf8 28. Qxb7 Qf4+ 29. g3 Qf5 30. Kg2 g5 31. Qd5 Qb1 32. b5 e4 33. Nd4 Bg7 34. Nf5 Qd3 35. Qxd3 exd3 36. Kf3 Bf8 37. b6 d2 38. Ke2 1-0